 Dungeon Crawl Stone Soup version 0.29.1-2-gbd0b4ee654 (webtiles) character file.

Game seed: 2853892051435220188

43 zeram the Covered (level 3, -3/33 HPs)
             Began as a Minotaur Fighter on Nov 6, 2022.
             Slain by a goblin
             ... wielding a +0 club
             ... led by Robin
              (6 damage)
             ... on level 3 of the Dungeon.
             The game lasted 00:01:31 (1623 turns).

zeram the Covered (Minotaur Fighter)                Turns: 1623, Time: 00:01:32

Health: -3/33      AC:  7    Str: 22    XL:     3   Next: 37%
Magic:  2/2        EV:  9    Int:  5    God:
Gold:   113        SH:  5    Dex:  9    Spells: 2/2 levels left

rFire   . . .      SeeInvis .   a - +0 trident
rCold   . . .      Faith    .   c - +1 buckler
rNeg    . . .      Spirit   .   b - +0 scale mail
rPois   .          Reflect  .   (helmet restricted)
rElec   .          Harm     .   (no cloak)
rCorr   .          Rampage  .   (no gloves)
Will    .....                   (no boots)
Stlth   ..........              (no amulet)
HPRegen 0.11/turn               (no ring)
MPRegen 0.08/turn               (no ring)

@: no status effects
A: horns 2, retaliatory headbutt
a: no special abilities


You were on level 3 of the Dungeon.
You visited 1 branch of the dungeon, and saw 3 of its levels.

You collected 113 gold pieces.

Inventory:

Hand Weapons
 a - a +0 trident (weapon)
Armour
 b - a +0 scale mail (worn)
 c - a +1 buckler (worn)
Jewellery
 f - a ring of poison resistance
 h - an amulet of faith
 k - an amulet of magic regeneration
Wands
 m - a wand of quicksilver (7)
 p - a wand of paralysis (12)
Scrolls
 j - a scroll of magic mapping {unknown}
 l - a scroll of blinking {unknown}
 n - a scroll of identify
Potions
 d - a potion of might
 e - 2 potions of haste
 g - 2 potions of flight
 i - a potion of cancellation {unknown}
 o - a potion of degeneration {unknown}


   Skills:
 + Level 4.0 Fighting
 + Level 3.2 Polearms
 + Level 4.3 Armour
 + Level 4.0 Shields


You had 2 spell levels left.
You didn't know any spells.
Your spell library contained the following spells:

 Spells                   Type           Power      Damage    Failure   Level
 Confusing Touch          Hex            0%         N/A       99%         3
 Yara's Violent Unravell  Hex/Tmut       0%         3d3       100%        5
 Enfeeble                 Hex            0%         N/A       100%        7


Dungeon Overview and Level Annotations

Branches:
Dungeon (3/15)

Altars:

Annotations:
D:3 Robin


Innate Abilities, Weirdness & Mutations

You have a pair of horns on your head.
You reflexively headbutt those who attack you in melee.


Message History

You furiously retaliate!
You headbutt the hobgoblin.
You kill the hobgoblin!
You miss the goblin. The goblin barely misses you.
The goblin closely misses you. x3; You block the goblin's attack.
Unknown command.
You puncture the goblin!
You kill the goblin!
The goblin closely misses you. The goblin hits you with a +0 club.
You block the goblin's attack.
Unknown command.
You puncture the goblin!
You kill the goblin!
The goblin hits you with a +0 dagger. The goblin hits you with a +0 club.
You block the goblin's attack.
You are too injured to fight recklessly!
Unknown command.
You are too injured to fight recklessly!
Unknown command.
You are too injured to fight recklessly!
Unknown command.
You closely miss the goblin. Your headbutt misses the goblin.
The goblin hits you but does no damage. You block the goblin's attack.
The goblin hits you with a +0 club.
* * * LOW HITPOINT WARNING * * *
The goblin hits you with a +0 club.
* * * LOW HITPOINT WARNING * * *
Unknown command.
You hit the goblin. Your headbutt misses the goblin.
The goblin is moderately wounded.
The goblin hits you but does no damage. x2; You block the goblin's attack.
Robin laughs in a distinctly smug fashion.
The goblin closely misses you.
Unknown command.
You closely miss the goblin. You headbutt the goblin.
You kill the goblin!
Robin throws the goblin at you! The goblin hits you but does no damage.
The goblin barely misses you. You furiously retaliate!
You headbutt the goblin!
You kill the goblin!
The goblin hits you with a +0 club.
You die...

........###.#≈ ..........#.#≈
..........###~
###############...+.....
..................######
..#...#...#...#........#
......gg........######.#
..#..g#)g.#...#.# #.#
......g@g.......# #.#
###############.# ###..
#.#####.##..#.#.# ##....
#....<........#.###..#..
####.####†##.#####.#.....##..
...........#.# #...........
####.####..#.# #.....#.....
#.......#.# #..>..#.###.
#######.#.# #.#.........


You could see Robin, a hobgoblin (strong) and 4 goblins.

Vanquished Creatures
  A worm (D:2)
  A dart slug (D:1)
  3 ball pythons
  4 endoplasms
  A giant cockroach (D:1)
  6 goblins (D:3)
  6 hobgoblins
  3 jackals (D:1)
  A kobold (D:2)
  3 quokkas
  A bat (D:2)
  3 frilled lizards
  A rat (D:1)
34 creatures vanquished.

Notes
Turn   | Place    | Note
-------+----------+-------------------------------------------
     0 | D:1      | zeram the Minotaur Fighter began the quest for the Orb.
     0 | D:1      | Reached XP level 1. HP: 19/19 MP: 0/0
   427 | D:1      | Reached XP level 2. HP: 27/27 MP: 1/1
   941 | D:2      | Found a faded altar of an unknown god.
  1207 | D:2      | Reached XP level 3. HP: 30/33 MP: 2/2
  1611 | D:3      | Noticed Robin
  1623 | D:3      | Slain by a goblin

Illustrated notes

Levels and vault maps discovered:
D:1:      dpeg_arrival_simpleton_c, layout_loops_corners
D:2:      layout_basic, chequers_ecumenical_altar_twisty
D:3:      layout_basic, lemuel_coloured_pillars_altar, serial_shops,
          nicolae_shop_stone, grunt_decor_cap, hangedman_abyss_or_decor_stabs,
          minmay_fountain_box, uniq_robin, uniq_crazy_yiuf_cottage

Skill      XL: |  1  2 |
---------------+-------+-----
Armour         | 4 |  4.3
Fighting       | 4 |  4.0
Polearms       | 3 |  3.2
Shields        | 4 |  4.0

Action                   || total
-------------------------++-------
Melee: Trident           ||    82
       Headbutt          ||     8
  Use: Scroll            ||     4
Armor: Scale mail        ||    29
Dodge: Dodged            ||    33
Block: Buckler           ||    13
